 Dungeon Crawl Stone Soup version 0.21.1-1-g345015f (webtiles) character file.

42012 Johnny the Blocker (level 13, -9/102 HPs)
             Began as a Demigod Earth Elementalist on July 24, 2018.
             Mangled by a cyan ugly thing (14 damage)
             ... on level 15 of the Dungeon.
             The game lasted 00:40:18 (18604 turns).

Johnny the Blocker (Demigod Earth Elementalist)    Turns: 18604, Time: 00:40:19

Health: -9/102     AC: 10    Str: 13    XL:     13   Next: 47%
Magic:  15/42      EV: 16    Int: 30    God:
Gold:   1059       SH:  9    Dex: 20    Spells: 15/34 levels left

rFire    . . .     SeeInvis +   K - +7 hand axe of Innocence {freeze, Str+2 Int+3 Dex+4 Stlth-}
rCold    + . .     Gourm    .   Y - +1 buckler {rC+}
rNeg     . . .     Faith    .   Q - +0 troll leather armour
rPois    .         Spirit   .   w - +2 helmet
rElec    .         Reflect  .   J - +0 cloak
rCorr    .         Harm     .   k - +0 pair of gloves (curse)
MR       +....                  (no boots)
Stlth    +.........             (no amulet)
HPRegen  0.67/turn              T - ring of magical power
MPRegen  0.28/turn              O - ring of see invisible

@: no status effects
A: high mp 1
a: no special abilities


You were on level 15 of the Dungeon.
You were not hungry.

You visited 1 branch of the dungeon, and saw 15 of its levels.
You also visited: Ice Cave.

You collected 1059 gold pieces.

Inventory:

Hand Weapons
 r - a +0 dagger of venom
 K - the +7 hand axe of Innocence (weapon) {freeze, Str+2 Int+3 Dex+4 Stlth-}
   (You found it on level 7 of the Dungeon)

   It has been specially enchanted to freeze those struck by it, causing extra
   injury to most foes and up to half again as much damage against particularly
   susceptible opponents.
   It can also slow down cold-blooded creatures.
   It affects your strength (+2).
   It affects your intelligence (+3).
   It affects your dexterity (+4).
   It makes you less stealthy.
Missiles
 B - 80 stones (quivered)
Armour
 k - a cursed +0 pair of gloves (worn)
 w - a +2 helmet (worn)
 H - a +2 robe of fire resistance
 J - a +0 cloak (worn)
 Q - a +0 troll leather armour (worn)
 Y - a +1 buckler of cold resistance (worn)
Jewellery
 o - an uncursed ring of resist corrosion
 L - an uncursed ring of ice
 O - a ring of see invisible (right hand)
 T - a ring of magical power (left hand)
Wands
 q - a wand of acid (9)
 U - a wand of random effects (18)
 V - a wand of iceblast (28)
Scrolls
 a - 6 scrolls of random uselessness
 i - a scroll of identify
 l - 4 scrolls of fog
 n - 2 scrolls of enchant armour
 p - 9 scrolls of remove curse
 t - 3 scrolls of enchant weapon
 u - 6 scrolls of teleportation
 v - 4 scrolls of noise
 y - 2 scrolls of amnesia
 A - a scroll of silence {unknown}
 M - 2 scrolls of immolation
Potions
 f - a potion of heal wounds
 g - 5 potions of flight
 h - 3 potions of haste {unknown}
 j - 9 potions of lignification
 m - 2 potions of curing
 s - 3 potions of magic {unknown}
 x - a potion of agility
 z - a potion of brilliance {unknown}
 D - 2 potions of degeneration {unknown}
 E - 2 potions of berserk rage {unknown}
 F - a potion of mutation {unknown}
 I - 4 potions of might {unknown}
 S - a potion of ambrosia {unknown}
Books
 e - a book of Geomancy

   Spells                             Type                      Level
   a - Sandblast                      Earth                        1
   b - Passwall                       Transmutation/Earth          2
   c - Stone Arrow                    Conjuration/Earth            3
   d - Petrify                        Transmutation/Earth          4
   e - Lee's Rapid Deconstruction     Earth                        5
 C - the Collected Works on Freezing Ignition
   (You found it on level 13 of the Dungeon)

   Spells                             Type                      Level
   a - Flame Tongue                   Conjuration/Fire             1
   b - Throw Frost                    Conjuration/Ice              2
   c - Throw Icicle                   Conjuration/Ice              4
   d - Fireball                       Conjuration/Fire             5
   e - Ozocubu's Refrigeration        Ice                          6
   f - Simulacrum                     Ice/Necromancy               6
 G - a Young Poisoner's Handbook

   Spells                             Type                      Level
   a - Sting                          Conjuration/Poison           1
   b - Poisonous Vapours              Poison/Air                   2
   c - Mephitic Cloud                 Conjuration/Poison/Air       3
   d - Olgreb's Toxic Radiance        Poison                       4
   e - Venom Bolt                     Conjuration/Poison           5
 P - a book of Debilitation

   Spells                             Type                      Level
   a - Corona                         Hexes                        1
   b - Slow                           Hexes                        2
   c - Inner Flame                    Hexes/Fire                   3
   d - Portal Projectile              Hexes/Translocation          3
   e - Cause Fear                     Hexes                        4
   f - Leda's Liquefaction            Hexes/Earth                  4
 W - a book of Ice

   Spells                             Type                      Level
   a - Ice Form                       Ice/Transmutation            4
   b - Metabolic Englaciation         Hexes/Ice                    5
   c - Ozocubu's Refrigeration        Ice                          6
   d - Bolt of Cold                   Conjuration/Ice              6
   e - Freezing Cloud                 Conjuration/Ice/Air          6
   f - Simulacrum                     Ice/Necromancy               6
 X - a book of Frost

   Spells                             Type                      Level
   a - Freeze                         Ice                          1
   b - Throw Frost                    Conjuration/Ice              2
   c - Ozocubu's Armour               Charms/Ice                   3
   d - Throw Icicle                   Conjuration/Ice              4
   e - Summon Ice Beast               Ice/Summoning                4
Miscellaneous
 b - a fan of gales (inert)
 c - a sack of spiders
Comestibles
 d - 28 rations
 N - 4 chunks of flesh


   Skills:
 - Level 5.6 Fighting
 - Level 5.6 Armour
 - Level 6.0 Dodging
 - Level 1.7 Stealth
 * Level 12.7 Shields
 + Level 11.3 Spellcasting
 - Level 0.8 Transmutations
 - Level 8.7 Earth Magic
 - Level 3.7 Evocations


You had 15 spell levels left.
You knew the following spells:

 Your Spells              Type           Power        Failure   Level  Hunger
a - Sandblast             Erth           ######       1%          1    None
b - Stone Arrow           Conj/Erth      #####.       1%          3    None
c - Lee's Rapid Deconstr  Erth           ######....   2%          5    ##.....
d - Petrify               Tmut/Erth      #####...     4%          4    None
e - Passwall              Tmut/Erth      #####.....   1%          2    None
f - Leda's Liquefaction   Hex/Erth       #####.....   6%          4    None


Dungeon Overview and Level Annotations

Branches:
Dungeon (15/15)            Temple (0/1) D:5            Lair (0/6) D:11
    Orc (0/2) D:11         Vaults (0/5) D:13         Depths (0/5) D:15

Annotations:
D:14 wistyy's ghost, journeyman MiFi


Innate Abilities, Weirdness & Mutations

You have an increased reservoir of magic. (+10% MP)


Message History

B - 80 stones The cyan ugly thing tentacle-slaps you!
The cyan ugly thing shocks you!
* * * LOW HITPOINT WARNING * * *
Unknown command.
Casting: Sandblast
Confirm with . or Enter, or press ? or * to list all spells.
Aiming: Stone Arrow
Press: ? - help, Shift-Dir - straight line, f/p - cyan ugly thing
Aim: a cyan ugly thing (heavily wounded)
The stone arrow hits the cyan ugly thing.
The cyan ugly thing is severely wounded.
The cyan ugly thing tentacle-slaps you!
* * * LOW HITPOINT WARNING * * *
The cyan ugly thing shocks you!
* * * LOW HITPOINT WARNING * * *
Unknown command.
You feel much better. The cyan ugly thing tentacle-slaps you!
* * * LOW HITPOINT WARNING * * *
The cyan ugly thing shocks you!
You die...

#<....# ##..#....#).#
######.###...#....#..##
##............######..(.
.....................###
#######.##.......#..##
######.##..#######.#
#......###.# #.# #
#......# #.. #.# ##
#.....@# ##.# #.# #.
######u# .# #.# #. #†#
.. #.# #. .......†#
..###. #####..## ##..
### #..# #..# #..# #..#


You could see a cyan ugly thing.

Vanquished Creatures
  Josephine (D:13)
  An ice dragon (D:15)
  A vault guard (D:13)
  A centaur warrior (D:14)
  5 two-headed ogres
  A tengu warrior (D:15)
  3 wizards (D:13)
  4 necromancers
  A deep elf mage (D:13)
  9 ugly things
  A cyclops (D:10)
  Joseph (D:9)
  A guardian serpent (D:15)
  4 centaur zombies
  5 centaur skeletons
  A gargoyle (D:10)
  An ice statue (IceCv)
  A yaktaur (D:15)
  10 freezing wraiths (IceCv)
  6 trolls
  A red devil (D:14)
  3 meliai (D:14)
  Grinder (D:6)
  A polar bear (D:8)
  Prince Ribbit (D:6)
  3 slime creatures
  A hornet (D:14)
  6 hippogriffs
  A hippogriff (shapeshifter) (D:14)
  6 wraiths
  2 shadows
  15 yaks
  2 basilisks (D:11)
  3 fire elementals (D:13)
  2 vampire mosquitoes (D:14)
  20 humans (D:13)
  2 hungry ghosts
  Menkaure (D:6)
  A water moccasin (D:12)
  An acid dragon (D:13)
  Duvessa (D:6)
  Edmund (D:5)
  2 porcupines (D:11)
  16 ice beasts
  9 orc warriors
  5 sky beasts
  3 black bears (D:9)
  An eye of draining (D:10)
  2 phantoms
  An alligator simulacrum (IceCv)
  An ogre (D:12)
  2 necrophages
  A wolf (D:8)
  7 centaurs
  A crocodile (D:14)
  10 bullfrogs
  A big kobold (D:12)
  A gnoll sergeant (D:6)
  Dowan (D:6)
  A wyvern skeleton (D:9)
  2 scorpions
  The ghost of dscm the Skirmisher, a weakling HOFi (D:4)
  2 swamp dragon simulacra (IceCv)
  5 killer bees (D:9)
  11 wights
  A howler monkey (D:7)
  4 electric eels (D:8)
  A quasit (D:6)
  3 draconian simulacra (IceCv)
  5 jellies
  4 bullfrog zombies
  4 crimson imps
  8 hounds
  Crazy Yiuf (D:6)
  A gnoll shaman (D:4)
  6 orc priests
  5 orc wizards
  3 bullfrog skeletons
  9 worker ants
  3 iguanas
  6 troll simulacra (IceCv)
  A spriggan simulacrum (IceCv)
  A wolf simulacrum (IceCv)
  2 centaur simulacra (IceCv)
  A hound skeleton (D:11)
  A mummy (D:6)
  A worker ant zombie (D:7)
  14 gnolls
  2 howler monkey skeletons
  4 ogre simulacra (IceCv)
  9 adders
  4 naga simulacra (IceCv)
  3 shadow imps
  15 white imps
  An ufetubus (D:8)
  An ooze (D:6)
  2 adder skeletons
  7 worms
  3 dart slugs
  An adder simulacrum (D:8)
  6 leopard geckos
  50 orcs
  3 ball pythons
  10 bats
  5 giant cockroaches
  10 goblins
  7 hobgoblins
  12 jackals
  4 quokkas
  4 frilled lizards
  12 kobolds
  A leopard gecko simulacrum (D:8)
  A leopard gecko skeleton (D:4)
  7 rats
  A fungus (D:11)
489 creatures vanquished.

Vanquished Creatures (others)
  7 fungi (D:11)
  A plant (D:11)
8 creatures vanquished.

Grand Total: 497 creatures vanquished

Notes
Turn   | Place    | Note
-------+----------+-------------------------------------------
     0 | D:1      | Johnny the Demigod Earth Elementalist began the quest for the Orb.
     0 | D:1      | Reached XP level 1. HP: 14/14 MP: 5/5
   267 | D:1      | Reached XP level 2. HP: 20/20 MP: 5/7
   866 | D:2      | Reached XP level 3. HP: 25/27 MP: 6/9
  1195 | D:2      | Found a white marble altar of Elyvilon.
  1260 | D:2      | Reached skill level 1 in Fighting
  1272 | D:2      | Learned a level 3 spell: Stone Arrow
  1299 | D:2      | Reached skill level 1 in Armour
  1299 | D:2      | Reached XP level 4. HP: 17/35 MP: 0/10
  1916 | D:2      | Found a basalt altar of Yredelemnul.
  2742 | D:3      | Found an ornate altar of the Wu Jian Council.
  2978 | D:2      | Reached XP level 5. HP: 14/40 MP: 0/12
  3522 | D:4      | Found an opulent altar of Gozag.
  3746 | D:4      | Reached XP level 6. HP: 32/48 MP: 1/14
  4198 | D:4      | Noticed dscm's ghost (weakling HOFi)
  4250 | D:4      | Killed dscm's ghost
  4809 | D:5      | Entered Level 5 of the Dungeon
  4878 | D:5      | Noticed Edmund
  4889 | D:5      | Reached XP level 7. HP: 46/56 MP: 1/16
  4895 | D:5      | Killed Edmund
  5189 | D:5      | Found a radiant altar of Vehumet.
  5190 | D:5      | Found a shimmering altar of Xom.
  5555 | D:5      | Found a shattered altar of Ashenzari.
  5620 | D:5      | Found a staircase to the Ecumenical Temple.
  5657 | D:5      | Reached skill level 5 in Earth Magic
  5814 | D:6      | Found a hazy altar of Hepliaklqana.
  5879 | D:6      | Reached XP level 8. HP: 21/63 MP: 1/18
  6014 | D:6      | Noticed Grinder
  6166 | D:5      | Learned a level 4 spell: Petrify
  6172 | D:5      | Learned a level 5 spell: Lee's Rapid Deconstruction
  6175 | D:5      | Learned a level 2 spell: Passwall
  6208 | D:6      | Noticed Prince Ribbit
  6213 | D:6      | Killed Prince Ribbit
  6238 | D:6      | Reached skill level 5 in Spellcasting
  6326 | D:6      | Noticed Duvessa
  6486 | D:6      | Noticed Dowan
  6492 | D:6      | Killed Duvessa
  6511 | D:6      | Killed Dowan
  6573 | D:6      | Noticed Menkaure
  6579 | D:6      | Killed Menkaure
  6750 | D:6      | Found a snail-covered altar of Cheibriados.
  6842 | D:6      | Reached XP level 9. HP: 47/71 MP: 12/21
  6946 | D:6      | Found a runed door.
  7132 | D:6      | Killed Grinder
  7339 | D:6      | Noticed Crazy Yiuf
  7341 | D:6      | Killed Crazy Yiuf
  7443 | D:7      | Reached skill level 1 in Evocations
  7596 | D:7      | Got a brightly glowing hand axe
  7597 | D:7      | Identified the +7 hand axe of Innocence {freeze, Str+2 Int+3 Dex+4 Stlth-} (You found it on level 7 of the Dungeon)
  8092 | D:8      | Found a glowing silver altar of Zin.
  8147 | D:8      | Reached skill level 5 in Dodging
  8387 | D:8      | Found a shadowy altar of Dithmenos.
  9401 | D:9      | Reached XP level 10. HP: 80/80 MP: 14/24
  9423 | D:9      | Noticed a green ugly thing
  9433 | D:9      | Killed a green ugly thing
  9433 | D:9      | Reached skill level 5 in Fighting
  9433 | D:9      | Reached skill level 5 in Armour
  9708 | D:9      | Noticed Joseph
  9716 | D:9      | Killed Joseph
  9889 | D:9      | Found a bloodstained altar of Trog.
 10280 | D:10     | Entered Level 10 of the Dungeon
 10853 | D:10     | Found a hazy altar of Hepliaklqana.
 10922 | D:10     | Noticed a cyclops
 10934 | D:10     | Killed a cyclops
 11525 | D:11     | Reached skill level 1 in Shields
 11531 | D:11     | Reached XP level 11. HP: 82/89 MP: 14/27
 11532 | D:11     | Reached skill level 2 in Shields
 11758 | D:11     | Reached skill level 3 in Shields
 12040 | D:11     | Found a staircase to the Orcish Mines.
 12082 | D:11     | Reached skill level 4 in Shields
 12103 | D:11     | Found a staircase to the Lair.
 12416 | D:12     | Found a glowing golden altar of the Shining One.
 12573 | D:12     | Reached skill level 5 in Shields
 13000 | D:12     | Noticed a two-headed ogre
 13005 | D:12     | Killed a two-headed ogre
 13005 | D:12     | Reached skill level 6 in Shields
 13668 | D:12     | Reached skill level 7 in Shields
 13971 | D:13     | Noticed a deep elf mage
 13983 | D:13     | Killed a deep elf mage
 14154 | D:13     | Found a frozen archway.
 14161 | D:13     | Reached skill level 8 in Shields
 14184 | D:13     | Reached XP level 12. HP: 67/95 MP: 9/30
 14201 | IceCv    | Entered an ice cave
 14712 | IceCv    | Reached skill level 9 in Shields
 14903 | IceCv    | Found an ancient bone altar of Kikubaaqudgha.
 15151 | IceCv    | Reached skill level 10 in Spellcasting
 15790 | D:13     | Reached skill level 10 in Shields
 15867 | D:13     | Noticed a vault guard
 16347 | D:13     | Found a gate to the Vaults.
 16415 | D:13     | Killed a vault guard
 16495 | D:13     | Noticed Josephine
 16498 | D:13     | Killed Josephine
 16503 | D:13     | Reached skill level 11 in Shields
 16596 | D:13     | Identified the Collected Works on Freezing Ignition
 16613 | D:13     | Learned a level 4 spell: Leda's Liquefaction
 16692 | D:14     | Found an ancient bone altar of Kikubaaqudgha.
 16692 | D:14     | Noticed a hell beast
 16749 | D:14     | Noticed wistyy's ghost (journeyman MiFi)
 16843 | D:14     | Reached XP level 13. HP: 24/102 MP: 3/32
 17803 | D:14     | Reached skill level 12 in Shields
 17976 | D:15     | Entered Level 15 of the Dungeon
 18426 | D:15     | Found a staircase to the Depths.
 18603 | D:15     | HP: 1/102 [cyan ugly thing (17)]
 18604 | D:15     | Mangled by a cyan ugly thing

Skill      XL: |  1  2  3  4  5  6  7  8  9 10 11 12 13 |
---------------+----------------------------------------+-----
Spellcasting   | 2 3 4 5 6 7 9 10 11 | 11.3
Earth Magic    | 3 4 5 6 7 8 |  8.7
Dodging        | 2 3 4 5 6 |  6.0
Fighting       | 1 2 3 4 5 |  5.6
Armour         | 1 2 3 4 5 |  5.6
Evocations     | 2 3 |  3.7
Shields        | 1 8 11 12 | 12.7
Stealth        | |  1.7
Transmutations | |  0.8

Action                   |  1- 3 |  4- 6 |  7- 9 | 10-12 | 13-15 || total
-------------------------+-------+-------+-------+-------+-------++-------
Melee: Unarmed           |    29 |     3 |       |       |       ||    32
       Dagger            |       |   146 |    39 |       |       ||   185
       Hand axe          |       |       |   187 |   212 |    38 ||   437
Throw: Stone             |       |       |       |     1 |     1 ||     2
 Cast: Sandblast         |    67 |    19 |    94 |   115 |    18 ||   313
       Stone Arrow       |       |    48 |    67 |   189 |    54 ||   358
       Lee's Rapid Decon |       |       |       |    67 |    29 ||    96
       Petrify           |       |       |       |     7 |     3 ||    10
Evoke: Wand              |       |       |     1 |    71 |    11 ||    83
       Fan of gales      |       |       |       |     2 |     1 ||     3
  Use: Scroll            |       |       |     7 |     9 |       ||    16
       Potion            |       |       |       |       |     1 ||     1
 Stab: Sleeping          |       |     3 |     2 |     1 |       ||     6
       Distracted        |       |       |     2 |       |       ||     2
  Eat: Chunk             |     1 |    11 |    16 |    20 |     5 ||    53
       Ration            |       |     1 |       |     2 |     1 ||     4
Armor: Robe              |     9 |    18 |    72 |    15 |       ||   114
       Troll leather arm |       |       |       |   105 |    26 ||   131
Dodge: Dodged            |    54 |   110 |   248 |   303 |    64 ||   779
Block: Buckler           |       |       |       |    38 |    45 ||    83
